 Dungeon Crawl Stone Soup version 0.30.0 (webtiles) character file.

Game seed: 7026515705746603848

3878 Minorbread the Arsonist (level 10, -10/84 HPs)
             Began as an Ogre Fire Elementalist on May 11, 2023.
             Was a Believer of Vehumet.
             Mangled by a centaur
             ... wielding the +3 broad axe of the Lesser Evil {elec, rElec}
              (16 damage)
             ... on level 8 of the Dungeon.
             The game lasted 00:32:20 (10551 turns).

Minorbread the Arsonist (Ogre Fire Elementalist)   Turns: 10551, Time: 00:32:21

Health: -10/84     AC:  9    Str: 14    XL:     10   Next: 19%
Magic:  10/16      EV:  9    Int: 20    God:    Vehumet [**....]
Gold:   318        SH:  0    Dex:  9    Spells: 6/17 levels left

rFire   . . .        o - +3 dagger (venom)
rCold   . . .        (no shield)
rNeg    . . .        C - +1 troll leather armour
rPois   .            (helmet restricted)
rElec   .            r - +2 cloak
rCorr   .            (gloves unavailable)
SInv    .            (boots unavailable)
Will    +....        (no amulet)
Stlth   +            (no ring)
HPRegen 1.14/turn    (no ring)
MPRegen 0.15/turn

%: no passive effects
@: no status effects
A: large, unfitting armour, tough skin 1
a: Renounce Religion


You were on level 8 of the Dungeon.
You worshipped Vehumet.
Vehumet was pleased with you.
You visited 2 branches of the dungeon, and saw 9 of its levels.

You collected 448 gold pieces.
You spent 130 gold pieces at shops.

Inventory:

Hand Weapons
 i - a +4 dagger
 o - a +3 dagger of venom (weapon)
Armour
 a - a +0 robe
 r - a +2 cloak (worn)
 C - a +1 troll leather armour (worn)
Wands
 x - a wand of light (7)
 B - a wand of polymorph (5)
Scrolls
 c - 2 scrolls of magic mapping
 f - a scroll of immolation {unknown}
 h - 5 scrolls of amnesia
 j - a scroll of teleportation
 y - 3 scrolls of brand weapon
Potions
 b - 3 potions of magic
 d - a potion of invisibility {unknown}
 e - 3 potions of berserk rage
 g - 2 potions of degeneration {unknown}
 k - 3 potions of mutation
 m - a potion of lignification {unknown}
 p - 4 potions of curing
 q - a potion of brilliance {unknown}
 s - a potion of might {unknown}
 t - 2 potions of resistance {unknown}
 u - 3 potions of haste
 z - a potion of attraction {unknown}


   Skills:
 - Level 1.2 Fighting
 - Level 0.3 Short Blades
 - Level 1.7 Dodging
 - Level 1.4 Stealth
 - Level 4.0 Spellcasting
 + Level 6.7 Conjurations
 - Level 3.0 Translocations
 + Level 8.5 Fire Magic
 + Level 6.5 Earth Magic


You had 6 spell levels left.
You knew the following spells:

 Your Spells              Type           Power      Damage    Failure   Level
a - Foxfire               Conj/Fire      100%       2x1d9     1%          1
b - Scorch                Fire           76%        2d8       1%          2
c - Iron Shot             Conj/Erth      15%        9d4       86%         6
d - Blink                 Tloc           32%        N/A       7%          2

Your spell library contained the following spells:

 Spells                   Type           Power      Damage    Failure   Level
 Sandblast                Erth           60%        2d14      1%          1
 Magic Dart               Conj           100%       1d8       1%          1
 Searing Ray              Conj           60%        2d6       1%          2
 Volatile Blastmotes      Fire/Tloc      54%        2d14      4%          3
 Lesser Beckoning         Tloc           32%        N/A       7%          2
 Flame Wave               Conj/Fire      34%        2d10      7%          4
 Inner Flame              Hex/Fire       21%        N/A       9%          3
 Gell's Gravitas          Tloc           16%        N/A       14%         3
 Teleport Other           Tloc           16%        N/A       14%         3
 Necrotise                Necr           16%        1d4       16%         1
 Vhi's Electric Charge    Tloc/Air       20%        N/A       26%         3
 Iskenderun's Battlesphe  Conj           30%        2d8       28%         5
 Fulminant Prism          Conj/Hex       8%         3d7       38%         4
 Vampiric Draining        Necr           4%         2d6       43%         3
 Manifold Assault         Tloc           16%        N/A       43%         4
 Arcjolt                  Conj/Air       8%         1d18      75%         5
 Agony                    Necr           4%         N/A       99%         5
 Plasma Beam              Fire/Air       10%        2x1d23    99%         6
 Spellforged Servitor     Conj/Summ      8%         N/A       100%        7
 Storm Form               Tmut/Air       2%         N/A       100%        7


Dungeon Overview and Level Annotations

Branches:
Dungeon (8/15)             Temple (1/1) D:5
   Lair: D:8-11

Altars:
Ashenzari
Elyvilon
Fedhas
Gozag
Hepliaklqana
Kikubaaqudgha
Nemelex Xobeh
Okawaru
Qazlal
Ru
Sif Muna
Trog
Uskayaw
Vehumet
Wu Jian
Xom
Zin
The Shining One

Shops:
D:4 !

Annotations:
D:2 1 runed translucent door, Crazy Yiuf


Innate Abilities, Weirdness & Mutations

You are too large for most types of armour.
You have tough skin. (AC +1)


Message History

A centaur is nearby!
The centaur shoots an arrow.
The arrow hits you.
The centaur shoots an arrow.
The arrow hits you but does no damage.
The centaur shoots an arrow.
The arrow hits you!
Found a falchion.
You start resting.
The centaur shoots an arrow.
The arrow hits you!
The centaur shoots an arrow.
The arrow hits you!
The centaur unwields a +0 shortbow.
The centaur wields the +3 broad axe of the Lesser Evil {elec, rElec}.
You hear the crackle of electricity.
The centaur hits you with the +3 broad axe of the Lesser Evil {elec, rElec}.
You are electrocuted!
The centaur barely misses you.
The centaur hits you with the +3 broad axe of the Lesser Evil {elec, rElec}.
The centaur kicks you but does no damage.
Casting: Scorch (safe; 1% risk of failure)
Confirm with . or Enter, or press ? or * to list all spells.
Flames lash the centaur.
The centaur is moderately wounded.
The centaur's fire resistance burns away.
The centaur hits you with the +3 broad axe of the Lesser Evil {elec, rElec}.
The centaur kicks you.
Casting: Scorch (safe; 1% risk of failure)
Confirm with . or Enter, or press ? or * to list all spells.
Flames lash the centaur.
The centaur is burned terribly!
The centaur is heavily wounded.
The centaur hits you with the +3 broad axe of the Lesser Evil {elec, rElec}!
The centaur kicks you.
The centaur hits you with the +3 broad axe of the Lesser Evil {elec, rElec}.
You are electrocuted!
* * * LOW HITPOINT WARNING * * *
The centaur kicks you but does no damage.
Casting: Scorch (safe; 1% risk of failure)
Confirm with . or Enter, or press ? or * to list all spells.
Flames lash the centaur.
The centaur is burned terribly!
The centaur is almost dead.
The centaur hits you with the +3 broad axe of the Lesser Evil {elec, rElec}!
* * * LOW HITPOINT WARNING * * *
You are electrocuted!
You die...

#..................#
..................##
......#...........###
.)....##............#
......#............##
..................##
..........).......#
......##..........#
####.###@)........# .
##.##.c.........#
..####..##..####...###
...........## #...#
..........## ##.##
..........# ###
###....).## #.....##
#..c...#


You could see a centaur (combustible).

Vanquished Creatures
  A two-headed ogre (D:7)
  2 trolls
  A steam dragon (D:8)
  A water moccasin (D:6)
  2 black bears
  2 ogres
  5 centaurs
  2 phantoms (D:5)
  4 kobold brigands
  A bullfrog (D:7)
  A scorpion (D:6)
  12 wights
  2 gnoll boudas
  3 hounds (D:7)
  5 iguanas
  2 sleepcaps
  2 orc wizards (D:7)
  Natasha (D:2)
  10 gnolls
  5 adders
  A shadow imp (D:5)
  A white imp (D:5)
  2 ufetubi
  2 dart slugs (D:1)
  11 orcs
  11 ball pythons
  4 endoplasms
  5 giant cockroaches
  6 hobgoblins
  2 jackals (D:5)
  32 kobolds
  5 quokkas
  8 bats
  6 frilled lizards
  9 goblins
  6 rats
175 creatures vanquished.

Vanquished Creatures (others)
  An iguana (D:5)
  172 foxfires
  18 fungi (D:7)
191 creatures vanquished.

Grand Total: 366 creatures vanquished

Notes
Turn   | Place    | Note
-------+----------+-------------------------------------------
     0 | D:1      | Minorbread the Ogre Fire Elementalist began the quest for
                  | the Orb.
     0 | D:1      | Reached XP level 1. HP: 16/16 MP: 3/3
   577 | D:1      | Reached skill level 3 in Fire Magic
   577 | D:1      | Reached XP level 2. HP: 24/24 MP: 0/5
  1110 | D:1      | Reached XP level 3. HP: 31/31 MP: 7/7
  1437 | D:2      | Found an ornate altar of the Wu Jian Council.
  1599 | D:2      | Found a runed translucent door.
  1600 | D:2      | Noticed Crazy Yiuf
  2006 | D:2      | Reached XP level 4. HP: 36/39 MP: 9/9
  2084 | D:2      | Noticed Natasha
  2091 | D:2      | Killed Natasha
  2092 | D:2      | Reached skill level 1 in Fighting
  2206 | D:2      | Learned a level 2 spell: Scorch
  2461 | D:3      | Found a sparkling altar of Nemelex Xobeh.
  2760 | D:3      | Reached skill level 4 in Fire Magic
  2854 | D:3      | Reached XP level 5. HP: 48/48 MP: 8/11
  3430 | D:4      | Found an iron altar of Okawaru.
  3430 | D:4      | Found a bloodstained altar of Trog.
  3519 | D:4      | Noticed an ogre
  3773 | D:4      | Found Ewiwnai's Distillery.
  3781 | D:4      | Bought a potion of haste for 130 gold pieces
  3902 | D:4      | Killed an ogre
  3903 | D:4      | Reached skill level 5 in Fire Magic
  3903 | D:4      | Reached XP level 6. HP: 55/55 MP: 2/12
  4207 | D:5      | Entered Level 5 of the Dungeon
  4245 | D:5      | Noticed a black bear
  4252 | D:5      | Killed a black bear
  4366 | D:5      | Reached skill level 6 in Fire Magic
  4479 | D:5      | Reached XP level 7. HP: 62/62 MP: 0/13
  4601 | D:5      | Found a glowing golden altar of the Shining One.
  5067 | D:5      | Reached skill level 7 in Fire Magic
  5615 | D:5      | Found a hazy altar of Hepliaklqana.
  5715 | D:5      | Found a staircase to the Ecumenical Temple.
  5768 | Temple   | Entered the Ecumenical Temple
  5806 | Temple   | Became a worshipper of Vehumet
  6045 | D:6      | Noticed a troll
  6165 | D:6      | Reached skill level 8 in Fire Magic
  6165 | D:6      | Reached XP level 8. HP: 49/70 MP: 5/14
  6649 | D:5      | Learned a level 6 spell: Iron Shot
  6656 | D:5      | Killed a troll
  6657 | D:5      | Reached skill level 1 in Earth Magic
  6975 | D:6      | Noticed a troll
  6986 | D:6      | Killed a troll
  7164 | D:6      | Learned a level 2 spell: Blink
  7237 | D:5      | Reached XP level 9. HP: 61/76 MP: 0/15
  7422 | D:6      | Reached skill level 1 in Translocations
  7998 | D:6      | Reached * piety under Vehumet
  7998 | D:6      | Offered knowledge of Shock by Vehumet.
  8591 | D:7      | Reached skill level 5 in Conjurations
  8843 | D:7      | Reached skill level 5 in Earth Magic
  9310 | D:7      | Found an ornate altar of the Wu Jian Council.
  9866 | D:7      | Reached ** piety under Vehumet
  9902 | D:7      | Found a blossoming altar of Fedhas.
  9995 | D:8      | Noticed a two-headed ogre
 10000 | D:7      | Offered knowledge of Sandblast by Vehumet.
 10169 | D:8      | Identified the +3 broad axe of the Lesser Evil {elec,
                  | rElec}
 10246 | D:7      | Killed a two-headed ogre
 10247 | D:7      | Reached XP level 10. HP: 26/84 MP: 1/16
 10551 | D:8      | Mangled by a centaur

Illustrated notes

Levels and vault maps discovered:
D:1:      dpeg_arrival_boxorama, layout_basic
D:2:      layout_basic, basic_altar, minmay_pentomino_t4, uniq_natasha,
          uniq_crazy_yiuf_cottage
D:3:      corexii_shack_village, layout_basic, old_standard_altar
D:4:      layout_basic, grunt_temple_overflow_bloody_war, serial_shops, shop
D:5:      layout_basic, nicolae_overflow_hidden_temple, marbit_many_paths,
          temple_hall, hangedman_abyss_or_decor_passed, due_unseen_surprise
D:6:      layout_cave_pools
D:7:      layout_basic, mainiacjoe_overflow_chevrons,
          fedhas_bush_and_centaur_altar
D:8:      layout_cave_pools, kennysheep_slug_shrine,
          makhleb_blood_cavern_becter, serial_bayou_pond_d,
          hangedman_minor_gate_pass, uniq_maurice
Temple:   nicolae_temple_god_jail

Skill      XL: |  1  2  3  4  5  6  7  8  9 |
---------------+----------------------------+-----
Fire Magic     | 3 4 5 6 8 |  8.5
Spellcasting   | 3 4 |  4.0
Fighting       | 1 |  1.2
Conjurations   | 3 6 |  6.7
Earth Magic    | 3 6 |  6.5
Translocations | 3 |  3.0
Short Blades   | |  0.3
Dodging        | |  1.7
Stealth        | |  1.4

Action                     |  1- 3 |  4- 6 |  7- 9 | 10-12 || total
---------------------------+-------+-------+-------+-------++-------
  Melee: Dagger            |    52 |    55 |    32 |       ||   139
         Whip              |     1 |       |       |       ||     1
         Punch             |       |     1 |       |       ||     1
   Cast: Foxfire           |    52 |    24 |    32 |     2 ||   110
         Scorch            |       |    32 |   169 |     9 ||   210
    Use: Scroll            |       |       |    11 |       ||    11
         Potion            |       |       |     3 |       ||     3
   Stab: Sleeping          |     1 |     3 |       |       ||     4
 Armour: Robe              |    25 |    29 |    15 |       ||    69
         Troll leather arm |       |       |    37 |     5 ||    42
  Dodge: Dodged            |    39 |    29 |    88 |     3 ||   159
